 Dungeon Crawl Stone Soup version 0.29-a0-286-g41199d4a87 (webtiles) character file.

Game seed: 3908281162337102688

14090 Ijustatesigmund the Blocker (level 11, 0/101 HPs)
             Began as a Minotaur Fighter on Mar 16, 2022.
             Was a Priest of the Shining One.
             Slain by a red devil
             ... wielding a +0 trident
              (17 damage)
             ... on level 1 of the Abyss.
             The game lasted 00:15:31 (10726 turns).

Ijustatesigmund the Blocker (Minotaur Fighter)     Turns: 10726, Time: 00:15:32

Health: 0/101      AC: 19    Str: 25    XL:     11   Next: 84%
Magic:  13/16      EV: 14    Int:  5    God:    the Shining One [***...]
Gold:   417        SH: 25    Dex: 10    Spells: 10/10 levels left

rFire   . . .      SeeInvis .   a - +4 war axe (flame)
rCold   . . .      Faith    .   c - +0 kite shield
rNeg    + . .      Spirit   .   b - +0 scale mail
rPois   .          Reflect  +   (helmet restricted)
rElec   .          Harm     .   e - +2 cloak
rCorr   .          Rampage  .   E - +1 pair of gloves
Will    .....                   B - +0 pair of boots
Stlth   ..........              n - amulet of reflection
HPRegen 0.26/turn               f - +4 ring of evasion
MPRegen 0.15/turn               t - +4 ring of protection

@: divinely shielded, hasted, glowing, studying Shields, very quick
A: horns 2, retaliatory headbutt
a: Renounce Religion, Divine Shield, Cleansing Flame


You were on level 1 of the Abyss.
You worshipped the Shining One.
The Shining One was most pleased with you.
You visited 1 branch of the dungeon, and saw 12 of its levels.
You visited the Abyss 1 time.

You collected 723 gold pieces.
You spent 306 gold pieces at shops.

Inventory:

Hand Weapons
 a - a +4 war axe of flaming (weapon)
Armour
 b - a +0 scale mail (worn)
 c - a +0 kite shield (worn)
 e - a +2 cloak (worn)
 B - a +0 pair of boots (worn)
 E - a +1 pair of gloves (worn)
Jewellery
 f - a +4 ring of evasion (left hand)
 m - a ring of flight
 n - an amulet of reflection (around neck)
 s - a ring of ice
 t - a +4 ring of protection (right hand)
 z - a ring of protection from cold
 C - a ring of poison resistance
Wands
 i - a wand of paralysis (2)
 w - a wand of flame (23)
 x - a wand of iceblast (8)
Scrolls
 l - a scroll of brand weapon
 p - a scroll of summoning
 u - a scroll of holy word
 y - 5 scrolls of fog
 A - a scroll of amnesia
 D - 2 scrolls of identify
 F - a scroll of teleportation
 G - 2 scrolls of immolation
Potions
 d - 7 potions of might
 g - 3 potions of magic
 h - 2 potions of attraction
 j - 2 potions of flight
 k - 4 potions of lignification
 o - a potion of mutation
 q - 4 potions of haste
 r - a potion of ambrosia
 v - a potion of curing


   Skills:
 + Level 10.4 Fighting
 + Level 11.0 Axes
 - Level 7.4 Armour
 - Level 5.6 Dodging
 + Level 11.4 Shields
 + Level 9.2 Invocations
 - Level 5.0 Evocations


You had 10 spell levels left.
You didn't know any spells.
Your spell library contained the following spells:

 Spells                   Type           Power      Damage    Failure   Level
 Apportation              Tloc           0%         N/A       94%         1
 Freeze                   Ice            0%         1d3       94%         1
 Conjure Flame            Conj/Fire      0%         6-21      100%        3
 Frozen Ramparts          Ice            0%         1d2       100%        3
 Ignite Poison            Fire/Tmut/Pois 0%         N/A       100%        3
 Hailstorm                Conj/Ice       0%         3d3       100%        4
 Sticky Flame             Conj/Fire      0%         2d3       100%        4
 Summon Ice Beast         Ice/Summ       0%         N/A       100%        4
 Alistair's Intoxication  Tmut/Pois      0%         N/A       100%        5
 Summon Mana Viper        Hex/Summ       0%         N/A       100%        5
 Monstrous Menagerie      Summ           0%         N/A       100%        7


Dungeon Overview and Level Annotations

Branches:
Dungeon (12/15)            Temple (0/1) D:6            Lair (0/6) D:11
    Orc (0/2) D:11

Altars:
Ashenzari
Cheibriados
Dithmenos
Gozag
Makhleb
Qazlal
Sif Muna
Trog
Uskayaw
Xom
Yredelemnul
The Shining One

Shops:
D:7 *

Annotations:
D:11 4 transporters, passata's ghost, journeyman FoFi
D:12 Erolcha


Innate Abilities, Weirdness & Mutations

You have a pair of horns on your head.
You reflexively headbutt those who attack you in melee.


Message History

The starspawn tentacle closely misses you.
A starspawn tentacle segment comes into view.
You slash the large abomination! You burn the large abomination!
You headbutt the large abomination, but do no damage.
The large abomination is almost destroyed.
You hit the starspawn tentacle. You burn the starspawn tentacle.
You hit the starspawn tentacle segment.
You burn the starspawn tentacle segment.
You slash the starspawn tentacle! You burn the starspawn tentacle.
You block the starspawn tentacle's attack. x2
The large abomination barely misses you.
A starspawn tentacle segment comes into view.
You slash the starspawn tentacle! You burn the starspawn tentacle.
You destroy the starspawn tentacle!
You hit the large abomination. You burn the large abomination.
You hit the starspawn tentacle but do no damage.
A tentacle flies out from the starspawn's body!
You block the starspawn tentacle's attack.
The large abomination hits you!!
A starspawn tentacle comes into view.
You feel yourself speed up. The smoke demon gestures at you.
The sticky flame reflects off an invisible shield around you!
The sticky flame hits the large abomination!
You destroy the large abomination!
That felt strangely unrewarding.
You feel better.
The starspawn tentacle completely misses you.
Okay, then.
Your shield is strengthened by the Shining One's divine power.
You block the red devil's attack. The smoke demon gestures at you.
Something smites you!
* * * LOW HITPOINT WARNING * * *
The tentacled starspawn bites you!!
* * * LOW HITPOINT WARNING * * *
The tentacled starspawn barely misses you.
You block the starspawn tentacle's attack.
You feel better.
The red devil hits you from afar with a +0 trident!
You die...

..###.. ###...
#..#.....#. .
#..............#
#..............#
........ ....#
#.>.. .....#
#.43###...## #
#..#.....####.#
#.@X........ #
#..w>.......# # .
# #.w─....... #.#
. .
#..#.......... .
.
#.##...........#
# #. #..#.##.#
#.. .......###.
...#
.......#.##.##..
# # .
.....#..#.####.##


You could see a tentacled starspawn, a smoke demon, a red devil and 2 starspawn
tentacles.

Vanquished Creatures
  Erica (D:8)
  A boulder beetle (D:11)
  A hydra (D:9)
  A death knight (D:10)
  A two-headed ogre (D:10)
  2 phantasmal warriors (D:10)
  A manticore (D:11)
  An ugly thing (D:11)
  Maurice (D:8)
  A gargoyle (D:12)
  An unseen horror (D:11)
  A kobold demonologist (D:11)
  A komodo dragon (D:11)
  A freezing wraith (D:10)
  A troll (D:8)
  A small abomination (Abyss:1)
  Sigmund (D:2)
  A vampire (D:11)
  6 wyverns
  16 yaks
  3 wraiths
  A steam dragon (D:8)
  A large abomination (Abyss:1)
  An acid dragon (D:11)
  4 water moccasins (D:11)
  A sky beast (D:7)
  A black bear (D:7)
  4 orc warriors
  2 ogres
  2 centaurs (D:5)
  2 kobold brigands
  2 phantoms
  4 bullfrogs
  4 scorpions
  A necrophage (D:6)
  5 wights (D:7)
  8 howler monkeys
  6 hounds
  An orc priest (D:6)
  2 jellies
  Crazy Yiuf (D:7)
  Terence (D:2)
  4 iguanas
  9 orc wizards
  4 adders
  2 shadow imps
  2 white imps
  An ufetubus (D:4)
  A worm (D:4)
  A dart slug (D:1)
  37 orcs
  7 ball pythons
  3 bats
  9 endoplasms
  6 giant cockroaches
  7 goblins
  8 hobgoblins
  17 kobolds
  A quokka (D:5)
  3 frilled lizards
  7 rats
  A starspawn tentacle (Abyss:1)
228 creatures vanquished.

Vanquished Creatures (others)
  A wizard (D:9)
  5 fungi
  14 plants
  8 withered plants (D:1)
28 creatures vanquished.

Grand Total: 256 creatures vanquished

Notes
Turn   | Place    | Note
-------+----------+-------------------------------------------
     0 | D:1      | Ijustatesigmund the Minotaur Fighter began the quest for
                  | the Orb.
     0 | D:1      | Reached XP level 1. HP: 19/19 MP: 0/0
   397 | D:1      | Reached XP level 2. HP: 22/27 MP: 1/1
   567 | D:1      | Found a faded altar of an unknown god.
  1432 | D:2      | Reached XP level 3. HP: 29/33 MP: 2/2
  1879 | D:2      | Found a stormy altar of Qazlal.
  1985 | D:2      | Noticed Terence
  2000 | D:2      | Killed Terence
  2001 | D:2      | Reached XP level 4. HP: 36/41 MP: 3/3
  2221 | D:2      | Reached skill level 5 in Axes
  2392 | D:2      | Noticed Sigmund
  2399 | D:2      | Killed Sigmund
  2400 | D:2      | Reached skill level 5 in Fighting
  2400 | D:2      | Reached XP level 5. HP: 48/48 MP: 4/4
  2400 | D:2      | Reached XP level 6. HP: 56/56 MP: 5/5
  2549 | D:3      | Found a glowing golden altar of the Shining One.
  2953 | D:3      | Became a worshipper of the Shining One
  3018 | D:4      | Reached skill level 1 in Dodging
  3418 | D:4      | Reached XP level 7. HP: 62/62 MP: 6/6
  3545 | D:4      | Reached skill level 1 in Invocations
  3937 | D:5      | Entered Level 5 of the Dungeon
  4127 | D:5      | Reached skill level 5 in Armour
  4267 | D:5      | Reached skill level 5 in Shields
  4267 | D:5      | Reached XP level 8. HP: 58/71 MP: 8/8
  4517 | D:5      | Found a hide-covered altar of Uskayaw.
  4554 | D:5      | Found a snail-covered altar of Cheibriados.
  4632 | D:6      | Found a staircase to the Ecumenical Temple.
  4692 | D:6      | Found a shadowy altar of Dithmenos.
  4693 | D:6      | Reached * piety under the Shining One
  5242 | D:6      | Found a burning altar of Makhleb.
  5473 | D:7      | Noticed an angel
  5474 | D:7      | Found Koinopp's Hallowed Reliquary.
  5484 | D:7      | Bought a scroll of holy word for 90 gold pieces
  5484 | D:7      | Bought a scroll of holy word for 90 gold pieces
  5484 | D:7      | Bought a scroll of holy word for 90 gold pieces
  5484 | D:7      | Bought a potion of curing for 36 gold pieces
  5565 | D:7      | Found a runed translucent door.
  5566 | D:7      | Noticed Crazy Yiuf
  5571 | D:7      | Killed Crazy Yiuf
  5688 | D:7      | Found a shimmering blue altar of Sif Muna.
  5801 | D:7      | Reached XP level 9. HP: 75/79 MP: 10/10
  6401 | D:8      | Noticed Maurice
  6403 | D:8      | Noticed a troll
  6408 | D:8      | Noticed Erica
  6412 | D:8      | Killed a troll
  6416 | D:8      | Killed Erica
  6417 | D:8      | Reached skill level 5 in Dodging
  6421 | D:8      | Killed Maurice
  6528 | D:8      | Reached skill level 5 in Invocations
  6647 | D:8      | Reached XP level 10. HP: 90/90 MP: 12/12
  6739 | D:8      | You fall into a shaft and drop 1 floor!
  6809 | D:9      | Found a bloodstained altar of Trog.
  6810 | D:9      | Noticed a wizard
  6815 | D:9      | Killed a wizard
  7230 | D:9      | Reached skill level 1 in Evocations
  7276 | D:9      | Noticed a six-headed hydra
  7282 | D:9      | Killed a three-headed hydra
  7460 | D:9      | Found an opulent altar of Gozag.
  7491 | D:9      | Found a basalt altar of Yredelemnul.
  7492 | D:9      | Found a shimmering altar of Xom.
  7493 | D:9      | Found a broken altar of Ashenzari.
  7899 | D:10     | Entered Level 10 of the Dungeon
  7899 | D:10     | Reached ** piety under the Shining One
  7899 | D:10     | Noticed a two-headed ogre
  8019 | D:10     | Killed a two-headed ogre
  8386 | D:10     | Reached skill level 5 in Evocations
  8431 | D:10     | Identified a scroll of acquirement
  8431 | D:10     | Acquired a manual of Shields
  8637 | D:10     | Noticed a phantasmal warrior
  8639 | D:10     | Noticed a death knight
  8639 | D:10     | Noticed a phantasmal warrior
  8644 | D:10     | Killed a phantasmal warrior
  8645 | D:10     | Killed a phantasmal warrior
  8646 | D:10     | Reached XP level 11. HP: 74/95 MP: 14/16
  8659 | D:10     | Killed a death knight
  9132 | D:11     | Found a transporter.
  9181 | D:11     | Noticed a cyan ugly thing
  9184 | D:11     | Noticed a fire crab
  9187 | D:11     | Killed a cyan ugly thing
  9283 | D:11     | Found a transporter.
  9293 | D:11     | Noticed an orc sorcerer
  9377 | D:11     | Noticed a boulder beetle
  9396 | D:11     | Killed a boulder beetle
  9397 | D:11     | Reached skill level 10 in Axes
  9491 | D:11     | Found a transporter.
  9496 | D:11     | Noticed passata's ghost (journeyman FoFi)
  9498 | D:11     | Noticed a two-headed ogre
  9498 | D:11     | Identified the +8 dire flail "Rumoggem" {holy, Fly rCorr
                  | Str+5 Stlth-}
  9498 | D:11     | Noticed a two-headed ogre
  9499 | D:11     | Found a transporter.
  9499 | D:11     | Noticed a two-headed ogre
  9499 | D:11     | Noticed a two-headed ogre
  9502 | D:11     | Noticed a two-headed ogre
  9696 | D:11     | Reached *** piety under the Shining One
  9716 | D:11     | Reached skill level 10 in Shields
  9741 | D:11     | Reached skill level 10 in Fighting
  9760 | D:11     | Found a staircase to the Lair.
 10282 | D:11     | Found a staircase to the Orcish Mines.
 10611 | D:12     | Noticed Erolcha
 10617 | D:12     | Cast into level 1 of the Abyss (Erolcha)
 10718 | Abyss:1  | Noticed a tentacled starspawn
 10726 | Abyss:1  | Slain by a red devil

Illustrated notes

Levels and vault maps discovered:
D:1:      lemuel_arrival_muddy, layout_loops_corners,
          ebering_ecumenical_altar_petrified, minmay_misc_feat_encased,
          minivault_19
D:2:      layout_loops_ring, basic_altar, serial_forest,
          infiniplex_forest_end_2, infiniplex_forest_clump_large,
          infiniplex_forest_end_double, infiniplex_forest_lined_room_,
          infiniplex_forest_corner_2, infiniplex_forest_lined_3,
          minmay_pentomino_u4, uniq_terence, uniq_sigmund
D:3:      layout_rooms, lemuel_round_altar
D:4:      layout_basic
D:5:      layout_rooms, kennysheep_mini_moat, mainiacjoe_overflow_paths,
          kennysheep_generic_room_14
D:6:      layout_cave_pods, makhleb_heckhound_becter,
          nicolae_dithmenos_through_a_glass_darkly, minmay_temple_entry_glass,
          portal_sewer_entry_e
D:7:      kennysheep_six_static_rooms, layout_loops_ring,
          nicolae_sif_muna_condensation, nicolae_concentric_dashed_squares_wild,
          nicolae_good_shop, uniq_crazy_yiuf_cottage
D:8:      hellmonk_warped_wall, layout_gridville, uniq_erica, uniq_maurice
D:9:      layout_basic, mainiacjoe_overflow_surrounded_room, trog_wizard,
          gammafunk_temple_overflow_forgotten
D:10:     layout_irregular_city
D:11:     gammafunk_wand_slinger, layout_small_grid, minmay_lair_entry_grove,
          orc_0_dummy, gammafunk_ghost_smash, minmay_between
D:12:     layout_loops_ring, uniq_erolcha
Abyss:1:  base: D:1, evilmike_abyss_exit_mutagenic, hangedman_shadowy_showcase

Skill      XL: |  1  2  3  4  5  6  7  8  9 10 11 |
---------------+----------------------------------+-----
Axes           | 3 4 6 7 8 9 11 | 11.0
Fighting       | 4 5 6 7 8 10 | 10.4
Armour         | 4 5 6 7 |  7.4
Dodging        | 1 3 4 5 |  5.6
Shields        | 4 5 6 7 8 11 | 11.4
Invocations    | 2 3 5 8 9 |  9.2
Evocations     | 5 |  5.0

Action                   |  1- 3 |  4- 6 |  7- 9 | 10-12 || total
-------------------------+-------+-------+-------+-------++-------
Melee: War axe           |    96 |    92 |   156 |   208 ||   552
       Headbutt          |    19 |    13 |    36 |    68 ||   136
Invok: Divine Shield     |       |       |       |     3 ||     3
Evoke: Wand              |       |       |       |     7 ||     7
  Use: Scroll            |     6 |     9 |    11 |     4 ||    30
       Potion            |       |       |       |     4 ||     4
Armor: Scale mail        |    29 |    40 |    37 |    28 ||   134
Dodge: Dodged            |    35 |    37 |    71 |    86 ||   229
Block: Buckler           |    21 |    25 |    57 |    91 ||   194
       Reflection        |       |       |     5 |     3 ||     8
       Kite shield       |       |       |       |    19 ||    19

Table legend: (Time is in decaauts)
 A = Elapsed time spent in this place.
 B = Non-inter-level travel time spent in this place.
 C = Inter-level travel time spent in this place.
 D = Time resting spent in this place.
 E = Time spent auto-exploring this place.
 F = Levels seen in this place.
 G = Mean time per level.
                   A        B        C        D        E       F      G
               +--------+--------+--------+--------+--------+-----+--------+
         Total |  10825 |  10493 |    332 |    845 |   8080 |  13 |  832.7 |
       Dungeon |  10716 |  10384 |    332 |    773 |   8062 |  12 |  893.0 |
         Abyss |    109 |    109 |      0 |     72 |     18 |   1 |  109.0 |
               +--------+--------+--------+--------+--------+-----+--------+

Top non-repeatable levels by time:
     D:1: 1358 daAuts
    D:11: 1307 daAuts
     D:9: 1127 daAuts
     D:2: 1096 daAuts
     D:4: 1077 daAuts
     D:7: 1023 daAuts
    D:10: 975 daAuts
     D:6: 754 daAuts
     D:5: 689 daAuts
     D:8: 613 daAuts
     D:3: 467 daAuts
    D:12: 225 daAuts
 Abyss:1: 109 daAuts
